 Dungeon Crawl Stone Soup version 0.27-a0-1597-ge58577e147 (webtiles) character file.

Game seed: 18415874749159558047

6475 DocSulfur the Transmogrifier (level 10, -12/71 HPs)
             Began as a Red Draconian Transmuter on July 21, 2021.
             Was an Elder of Makhleb.
             Mangled by an orc warlord (30 damage)
             ... in a bailey.
             The game lasted 00:50:33 (8762 turns).

DocSulfur the Transmogrifier (DrTm)                 Turns: 8762, Time: 00:50:34

Health: -12/71     AC: 17    Str: 12    XL:     10   Next: 68%
Magic:  16/16      EV: 12    Int: 14    God:    Makhleb [****..]
Gold:   524        SH:  5    Dex: 15    Spells: 7/17 levels left

rFire    + . .     SeeInvis .     - Unarmed
rCold    . . .     Faith    .   (no shield)
rNeg     . . .     Spirit   .   (armour unavailable)
rPois    .         Reflect  +   q - +2 hat
rElec    .         Harm     .   u - +0 cloak
rCorr    .         Rampage  .   (no gloves)
Will     .....                  j - +2 pair of boots
Stlth    +.........             b - amulet of reflection
HPRegen  0.21/turn              g - ring of wizardry
MPRegen  0.15/turn              r - +4 ring of protection

@: about to teleport
A: breathe fire, AC +7, unfitting armour, fire resistance 1, cold-blooded
a: Breathe Fire, Renounce Religion, Minor Destruction, Lesser Servant of
Makhleb, Major Destruction


You were in a bailey.
You worshipped Makhleb.
Makhleb was greatly pleased with you.
You visited 2 branches of the dungeon, and saw 10 of its levels.
You also visited: Sewer and Bailey.

You collected 524 gold pieces.

Inventory:

Hand Weapons
 A - a +7 trident
Missiles
 a - 7 datura-tipped darts
 k - 23 poisoned darts (quivered)
 p - 11 boomerangs
Armour
 j - a +2 pair of boots (worn)
 q - a +2 hat (worn)
 u - a +0 cloak (worn)
Jewellery
 b - an amulet of reflection (around neck)
 g - a ring of wizardry (left hand)
 r - a +4 ring of protection (right hand)
 t - a ring of protection from fire
Wands
 w - a wand of charming (11)
Scrolls
 d - 2 scrolls of amnesia {unknown}
 e - 2 scrolls of enchant armour {unknown}
 h - 2 scrolls of vulnerability
 l - 2 scrolls of magic mapping {unknown}
 m - 2 scrolls of teleportation
 v - 2 scrolls of blinking {unknown}
 y - 2 scrolls of fog {unknown}
 E - a scroll of summoning {unknown}
Potions
 c - 3 potions of curing
 f - 4 potions of haste
 i - 7 potions of flight
 n - 2 potions of lignification
 s - 2 potions of mutation
 x - 2 potions of degeneration {unknown}
 z - a potion of attraction {unknown}
 B - a potion of heal wounds
 C - a potion of experience {unknown}
 D - a potion of brilliance {unknown}


   Skills:
 - Level 1.1 Fighting
 - Level 1.7 Dodging
 + Level 8.9 Unarmed Combat
 - Level 4.0 Spellcasting
 * Level 9.6 Transmutations
 - Level 4.0 Ice Magic
 - Level 4.0 Poison Magic
 + Level 7.8 Invocations


You had 7 spell levels left.
You knew the following spells:

 Your Spells              Type           Power      Damage    Failure   Level
a - Beastly Appendage     Tmut           58%        N/A       1%          1
b - Spider Form           Tmut/Pois      10%        N/A       1%          3
c - Wereblood             Tmut           29%        N/A       1%          2
d - Ice Form              Ice/Tmut       21%        N/A       4%          4

Your spell library contained the following spells:

 Spells                   Type           Power      Damage    Failure   Level
 Magic Dart               Conj           8%         1d3       8%          1
 Summon Small Mammal      Summ           8%         N/A       8%          1
 Searing Ray              Conj           4%         3d3       12%         2
 Call Canine Familiar     Summ           2%         N/A       22%         3
 Summon Guardian Golem    Hex/Summ       2%         N/A       22%         3
 Fulminant Prism          Conj/Hex       1%         3d6       56%         4


Dungeon Overview and Level Annotations

Branches:
Dungeon (9/15)             Temple (1/1) D:4           Sewer (visited)
 Bailey (1/1)
   Lair: D:8-11         Orc: D:9-12

Altars:
Ashenzari
Cheibriados
Dithmenos
Gozag
Makhleb
Nemelex Xobeh
Zin

Shops:
D:4 (   D:6 *

Annotations:
D:7 Harold


Innate Abilities, Weirdness & Mutations

You can breathe blasts of fire.
Your fiery red scales are hard. (AC +7)
You cannot fit into any form of body armour.
Your flesh is heat resistant. (rF+)
You are cold-blooded and may be slowed by cold attacks.


Message History

The orc warlord hits your smoke demon with a +1 battleaxe of electrocution!
Lightning courses through your smoke demon!!
Your smoke demon dies!
Your orange demon stings the orc warlord but does no damage.
Your orange demon hits the orc warlord but does no damage.
The orc warlord hits your orange demon with a +1 battleaxe of electrocution!
Lightning courses through your orange demon!
Your orange demon dies!
Press: ? - help, Shift-Dir - straight line, f/p - orc warlord
Aim: an orc warlord, wielding a +1 battleaxe of electrocution and wearing a +4 chain mail of poison resistance (lightly wounded)
Okay, then.
Press: ? - help, Shift-Dir - straight line, f/p - orc warlord
Aim: an orc warlord, wielding a +1 battleaxe of electrocution and wearing a +4 chain mail of poison resistance (lightly wounded)
You breathe a blast of fire.
The fiery breath hits the orc warlord!
The orc warlord is moderately wounded.
There is an open door here.
Things that are here:
a +0 broad axe; a +0 ring mail; an orc corpse A demon appears!
Your hellwing hits the orc warlord but does no damage. x2
There is a fountain of clear blue water here.
You have got your breath back.
Your hellwing swoops through the air toward the orc warlord!
Your hellwing hits the orc warlord but does no damage. x2
Your hellwing hits the orc warlord.
Your hellwing closely misses the orc warlord.
Your hellwing barely misses the orc warlord. x2
The gnoll shouts!
You hear a shout!
Your hellwing hits the orc warlord but does no damage.
Your hellwing hits the orc warlord.
There is an open door, spattered with blood here.
Items here: ))))))))) [[[[[[[[[ ÷÷÷÷÷.
As you read the scroll of teleportation, it crumbles to dust.
You feel strangely unstable.
The hobgoblin shouts!
The orc warlord suddenly jeers.
The gnoll hits you with a +0 hand axe.
* * * LOW HITPOINT WARNING * * *
The orc warlord hits you with a +1 battleaxe of electrocution!!
You die...

### ### ###.### ###.###
###.....### ###.....###
##.........###.........##
#...........#...........#
#........@o4)...........#
#.....⌠g..g)#.....⌠.....#
#...........#...........#
#...........#...........#
###)........###.......).###
###.#)#.....###.###.....#'#.#
###...).###.###...
###.###....
##.........###..... ###......
#..........8##..... #.......


You could see an orc warlord (ally target), a gnoll, a hobgoblin and a friendly
hellwing (summoned).

Vanquished Creatures
  An orc knight (Bailey)
  2 trolls (D:9)
  A shadow (D:7)
  A steam dragon (D:9)
  4 vampire mosquitoes (D:8)
  2 water moccasins (D:7)
  An acid dragon (D:7)
  4 ice beasts
  5 orc warriors (Bailey)
  3 sky beasts
  2 hornet zombies (D:7)
  A black bear (D:7)
  4 ogres
  3 centaurs
  3 bullfrogs
  A gnoll sergeant (D:8)
  A wyvern skeleton (D:7)
  2 killer bees (D:8)
  A water moccasin skeleton (D:7)
  4 wights (D:8)
  2 howler monkeys (D:9)
  5 centaur zombies
  3 hounds
  3 orc priests
  2 jellies
  An iguana (D:5)
  Natasha (D:4)
  A merfolk siren (Sewer)
  3 orc wizards
  2 killer bee zombies
  A merfolk avatar (Sewer)
  9 adders
  8 gnolls (Bailey)
  2 river rats (Sewer)
  3 ufetubi (D:5)
  An adder skeleton (D:4)
  2 worms
  4 dart slugs
  29 orcs
  8 ball pythons
  10 bats
  9 endoplasms
  10 giant cockroaches
  20 goblins
  24 hobgoblins
  14 jackals
  6 kobolds
  8 quokkas
  11 frilled lizards
  A quokka skeleton (D:4)
  30 rats
279 creatures vanquished.

Vanquished Creatures (collateral kills)
  2 orc knights (Bailey)
  2 orc warriors (Bailey)
  A killer bee (D:8)
  An orc (D:3)
  A hobgoblin (Bailey)
7 creatures vanquished.

Vanquished Creatures (others)
  A gnoll (D:9)
1 creature vanquished.

Grand Total: 287 creatures vanquished

Notes
Turn   | Place    | Note
-------+----------+-------------------------------------------
     0 | D:1      | DocSulfur the Draconian Transmuter began the quest for the
                  | Orb.
     0 | D:1      | Reached XP level 1. HP: 16/16 MP: 3/3
   280 | D:1      | Reached XP level 2. HP: 17/23 MP: 3/5
   337 | D:1      | Reached skill level 1 in Poison Magic
   638 | D:1      | Reached XP level 3. HP: 25/28 MP: 4/6
   894 | D:1      | Reached skill level 1 in Ice Magic
  1429 | D:2      | Learned a level 3 spell: Spider Form
  1637 | D:2      | Reached skill level 3 in Transmutations
  1637 | D:2      | Reached XP level 4. HP: 35/35 MP: 7/7
  1685 | D:2      | Learned a level 2 spell: Wereblood
  2274 | D:2      | Found a faded altar of an unknown god.
  2724 | D:2      | Reached XP level 5. HP: 21/40 MP: 8/8
  2977 | D:3      | Reached skill level 4 in Transmutations
  3240 | D:3      | Found a burning altar of Makhleb.
  3248 | D:3      | Became a worshipper of Makhleb the Destroyer
  3490 | D:4      | Reached XP level 6. HP: 41/47 MP: 7/9
  3654 | D:4      | Found an opulent altar of Gozag.
  3821 | D:4      | Reached skill level 5 in Transmutations
  3922 | D:4      | Reached * piety under Makhleb
  3934 | D:4      | Noticed Natasha
  3939 | D:4      | Killed Natasha
  3940 | D:4      | Your scales start taking on a fiery red colour.
  3940 | D:4      | Reached XP level 7. HP: 52/52 MP: 10/10
  3940 | D:4      | Gained mutation: Your flesh is heat resistant. (rF+) [Red
                  | Draconian growth]
  3945 | D:4      | Found a staircase to the Ecumenical Temple.
  4004 | Temple   | Entered the Ecumenical Temple
  4038 | D:4      | Found Kyle's Weapon Shoppe.
  4176 | D:5      | Entered Level 5 of the Dungeon
  4371 | D:5      | Reached skill level 5 in Unarmed Combat
  4371 | D:5      | Reached skill level 6 in Transmutations
  4593 | D:5      | Reached XP level 8. HP: 58/59 MP: 11/11
  4629 | D:5      | Found a glowing drain.
  4638 | Sewer    | Entered a sewer
  4717 | Sewer    | Learned a level 4 spell: Ice Form
  4828 | Sewer    | Reached skill level 1 in Ice Magic
  4888 | Sewer    | Reached ** piety under Makhleb
  5566 | D:6      | Found Uteng's Elemental Accessories.
  6152 | D:7      | Reached skill level 1 in Invocations
  6348 | D:7      | Noticed Harold
  6349 | D:7      | Reached skill level 7 in Transmutations
  6349 | D:7      | Reached XP level 9. HP: 64/64 MP: 13/13
  6775 | D:7      | Noticed a boulder beetle
  7210 | D:7      | Reached *** piety under Makhleb
  7444 | D:8      | Reached skill level 8 in Transmutations
  7463 | D:8      | Found a snail-covered altar of Cheibriados.
  7464 | D:8      | Found a shadowy altar of Dithmenos.
  7464 | D:8      | Found a broken altar of Ashenzari.
  7465 | D:8      | Found a sparkling altar of Nemelex Xobeh.
  7590 | D:8      | Reached skill level 5 in Invocations
  7909 | D:9      | Reached XP level 10. HP: 70/71 MP: 13/15
  8034 | D:9      | Found a flagged portal.
  8146 | Bailey   | Entered a bailey
  8205 | Bailey   | Reached **** piety under Makhleb
  8496 | Bailey   | Noticed an orc warlord
  8496 | Bailey   | Noticed an orc knight
  8497 | Bailey   | Noticed an orc knight
  8499 | Bailey   | Noticed an orc knight
  8555 | Bailey   | Killed an orc knight
  8556 | Bailey   | Reached skill level 9 in Transmutations
  8580 | Bailey   | Killed an orc knight
  8582 | Bailey   | HP: 2/71 [orc warrior (18)]
  8670 | Bailey   | Killed an orc knight
  8762 | Bailey   | Mangled by an orc warlord

Illustrated notes

Levels and vault maps discovered:
D:1:      dpeg_arrival_water_temple_mockup, layout_loops_ring
D:2:      layout_loops_cross, serial_co_window_serial, co_window_paths_b,
          co_window_paths_b, co_window_corner_a, co_window_corner_a,
          co_window_of_opportunity_a, co_window_2corner, co_window_corner_b,
          co_window_corner_b, co_window_4corner_b, co_window_paths_d,
          glass_columns_c, glass_columns_b,
          shapermc_ecumenical_altar_flowoftime, grunt_ministairs_8
D:3:      layout_rooms, bloody_makhleb, minivault_24
D:4:      layout_basic, nicolae_gozag_seed_capital, minmay_temple_entry_wispy,
          serial_shops, shop, uniq_natasha
D:5:      layout_cave_pools, portal_sewer_entry_f
D:6:      layout_loops_ring, nicolae_elemental_shop
D:7:      layout_rooms, kb_rosetta, uniq_harold
D:8:      layout_rooms, chequers_temple_overflow_statue_of_worship,
          minmay_misc_feat_rugged
D:9:      layout_roguey, enter_bailey_5, nicolae_straight_to_the_point
Temple:   eino_wide_crystal_templ
Bailey:   bailey_axe_minmay_hex_keep, bailey

Skill      XL: |  1  2  3  4  5  6  7  8  9 10 |
---------------+-------------------------------+-----
Poison Magic   | 1 2 3 4 |  4.0
Ice Magic      | 1 0 4 |  4.0
Transmutations | 3 4 5 6 7 8 9 |  9.6
Unarmed Combat | 4 6 8 |  8.9
Spellcasting   | 3 4 |  4.0
Invocations    | 2 6 7 |  7.8
Fighting       | |  1.1
Dodging        | |  1.7

Action                   |  1- 3 |  4- 6 |  7- 9 | 10-12 || total
-------------------------+-------+-------+-------+-------++-------
Melee: Unarmed           |   114 |   164 |   283 |   159 ||   720
       Kick              |    27 |    26 |    59 |     8 ||   120
       Headbutt          |    16 |    12 |    30 |     3 ||    61
       Tailslap          |     6 |    15 |    29 |     5 ||    55
       Punch             |       |       |     7 |       ||     7
Throw: Dart              |       |    14 |    21 |     5 ||    40
       Boomerang         |       |     5 |     6 |       ||    11
 Cast: Beastly Appendage |    32 |    29 |    48 |     7 ||   116
       Wereblood         |       |     2 |     4 |     6 ||    12
       Spider Form       |       |     2 |     6 |     8 ||    16
Invok: Minor Destruction |       |       |     1 |       ||     1
       Lesser Servant of |       |       |     1 |     8 ||     9
       Major Destruction |       |       |       |     2 ||     2
 Abil: Breathe Fire      |       |       |    31 |    10 ||    41
       End Transformatio |       |       |     1 |     1 ||     2
Evoke: Wand              |       |       |     1 |       ||     1
  Use: Scroll            |     1 |     1 |     7 |     3 ||    12
       Potion            |       |     1 |     2 |     1 ||     4
 Stab: Sleeping          |       |     3 |     1 |       ||     4
       Distracted        |       |       |       |     1 ||     1
Armor: Skin              |    47 |    51 |   138 |    20 ||   256
Dodge: Dodged            |    68 |    85 |   226 |   112 ||   491
Block: Other             |    25 |    28 |    81 |    29 ||   163
       Reflection        |       |     1 |     1 |     1 ||     3

Table legend: (Time is in decaauts)
 A = Elapsed time spent in this place.
 B = Non-inter-level travel time spent in this place.
 C = Inter-level travel time spent in this place.
 D = Time resting spent in this place.
 E = Time spent auto-exploring this place.
 F = Levels seen in this place.
 G = Mean time per level.
                   A        B        C        D        E       F      G
               +--------+--------+--------+--------+--------+-----+--------+
         Total |   8795 |   8306 |    489 |    445 |   2478 |  12 |  732.9 |
       Dungeon |   7602 |   7113 |    489 |    445 |   2460 |   9 |  844.7 |
        Temple |      1 |      1 |      0 |      0 |      0 |   1 |    1.0 |
         Sewer |    597 |    597 |      0 |      0 |     18 |   1 |  597.0 |
        Bailey |    594 |    594 |      0 |      0 |      0 |   1 |  594.0 |
               +--------+--------+--------+--------+--------+-----+--------+

Top non-repeatable levels by time:
     D:2: 1383 daAuts
     D:6: 1290 daAuts
     D:1: 1244 daAuts
     D:4: 812 daAuts
     D:3: 719 daAuts
     D:5: 660 daAuts
     D:8: 624 daAuts
     D:7: 599 daAuts
   Sewer: 597 daAuts
  Bailey: 594 daAuts
     D:9: 266 daAuts
  Temple: 1 daAuts
